 Dungeon Crawl Stone Soup version 0.27-a0-1228-gfd60fd639a (webtiles) character file.

Game seed: 17888021118702461128

65 sanka the Magician (level 4, -1/31 HPs)
             Began as a Djinni Necromancer on June 7, 2021.
             Slain by a jackal (3 damage)
             ... on level 2 of the Dungeon.
             The game lasted 00:02:24 (3460 turns).

sanka the Magician (Djinni Necromancer)             Turns: 3460, Time: 00:02:25

Health: -1/31      AC:  2    Str:  7    XL:     4   Next: 34%
Gold:   68         EV: 12    Int: 17    God:
                   SH:  0    Dex: 14

rFire    + + .     SeeInvis .   f - +0 short sword
rCold    x . .     Faith    .   (no shield)
rNeg     . . .     Spirit   .   a - +0 robe
rPois    ∞         Reflect  .   (no helmet)
rElec    .         Harm     .   (no cloak)
rCorr    .         Rampage  .   (no gloves)
Will     .....                  (boots unavailable)
Stlth    ++........             (no amulet)
HPRegen  0.10/turn              (no ring)
MPRegen  0.00/turn              (no ring)

@: brilliant, flying, very slightly contaminated
A: sickness immunity, fire resistance 2, cold vulnerability 1, float, innate
caster, hp casting, extra vitality 1
a: no special abilities


You were on level 2 of the Dungeon.
You visited 1 branch of the dungeon, and saw 2 of its levels.

You collected 68 gold pieces.


Innate Abilities, Weirdness & Mutations

You are immune to sickness and miasma.
You are immune to poison.
Your flesh is very heat resistant. (rF++)
You are vulnerable to cold. (rC-)
You float through the air rather than walking.
You learn spells naturally, not from books.
Your magical power is your life essence.
You have superior vitality. (+4 HP)


   Skills:
 - Level 2.1 Dodging
 - Level 1.5 Stealth
 + Level 4.4 Spellcasting


You couldn't memorise any spells.
You knew the following spells:

 Your Spells              Type           Power      Damage    Failure   Level
c - Agony                 Necr           28%        N/A       56%         5
x - Vampiric Draining     Necr           14%        2d8       8%          3
y - Summon Small Mammal   Summ           100%       N/A       2%          1
z - Pain                  Necr           100%       1d9       2%          1
X - Animate Dead          Necr           14%        N/A       24%         4
Z - Animate Skeleton      Necr           56%        N/A       2%          1
Your spell library was empty.

Inventory:

Hand Weapons
 f - a +0 short sword (weapon)
Armour
 a - a +0 robe (worn)
Scrolls
 d - 2 scrolls of teleportation {unknown}
 e - a scroll of enchant armour {unknown}
Potions
 c - a potion of curing {unknown}

Dungeon Overview and Level Annotations

Branches:
Dungeon (2/15)

Altars:

Shops:
D:2

( ..▒ .▒ ▒ ...
..
▒..▒▒▒.▒▒.▒▒▒.
▒.....!.......
▒.▒▒▒▒.▒▒▒▒▒▒.
▒......Z......
▒▒▒▒▒▒w▒▒▒▒▒▒.
▒h▒ ▒R▒ ▒.▒
▒.▒ ▒.▒▒▒▒▒▒
▒......▒
▒▒▒▒▒▒.▒ ▒.▒
▒.▒ ▒.▒


You could see a dart slug (ally target), a jackal and a friendly ball python
skeleton.


Message History

Aim: a jackal (almost dead, chance to affect: 89%)
You miscast Pain.
You are very lightly contaminated with residual magic.
Nothing appears to happen.
* * * LOW HITPOINT WARNING * * *
The jackal bites you.
* * * LOW HITPOINT WARNING * * *
Aiming: Pain (safe; 2% risk of failure)
Aim: a jackal (almost dead, chance to affect: 89%)
The jackal barely resists.
* * * LOW HITPOINT WARNING * * *
The jackal bites you.
* * * LOW HITPOINT WARNING * * *
The jackal bites you.
* * * LOW HITPOINT WARNING * * *
You attempt to give life to the dead...
Before your eyes, flesh is ripped from the corpse!
The dead are slithering!
* * * LOW HITPOINT WARNING * * *
The jackal bites you.
* * * LOW HITPOINT WARNING * * *
Your ball python skeleton bites the dart slug.
Your ball python skeleton grabs the dart slug.
Your ball python skeleton constricts the dart slug.
You see here an adder corpse.
You don't know that spell.
It was a potion of brilliance.
You feel clever all of a sudden. The jackal bites you.
You die...

Action                   |  1- 3 |  4- 6 || total
-------------------------+-------+-------++-------
 Cast: Pain              |    63 |    18 ||    81
       Animate Skeleton  |       |     1 ||     1
  Use: Potion            |       |     1 ||     1
Armor: Robe              |     5 |       ||     5
Dodge: Dodged            |     9 |       ||     9

Levels and vault maps discovered:
D:1:      lemuel_arrival_room, layout_basic,
          hellmonk_ecumenical_altar_arch_garden
D:2:      layout_loops_ring, serial_shops, shop_fountains

Notes
Turn   | Place    | Note
-------+----------+-------------------------------------------
     0 | D:1      | sanka the Djinni Necromancer began the quest for the Orb.
     0 | D:1      | Reached XP level 1. HP: 15/15 MP: 0/0
   721 | D:1      | Found a faded altar of an unknown god.
   725 | D:1      | Reached XP level 2. HP: 18/21 MP: 0/0
  1886 | D:1      | Reached XP level 3. HP: 21/25 MP: 0/0
  1886 | D:1      | Learned a level 1 spell: Summon Small Mammal
  2362 | D:1      | Reached skill level 4 in Spellcasting
  2921 | D:2      | Reached XP level 4. HP: 11/31 MP: 0/0
  3199 | D:2      | Found Ybayrich's Antique Weapon Shoppe.
  3458 | D:2      | HP: 1/31 [jackal (2)]
  3460 | D:2      | Slain by a jackal

Vanquished Creatures
  3 adders (D:2)
  3 ball pythons
  6 bats
  5 endoplasms (D:1)
  3 giant cockroaches (D:1)
  3 goblins
  4 hobgoblins
  A jackal (D:2)
  A kobold (D:1)
  A quokka (D:2)
  2 frilled lizards (D:1)
  2 rats
34 creatures vanquished.
